 Dungeon Crawl Stone Soup version 0.17.0-24-gcfadda4 (webtiles) character file.

354 M4edhros the Sneak (level 6, 0/38 HPs)
             Began as an Octopode Artificer on Nov 15, 2015.
             Was a Priest of Jiyva.
             Slain by a giant frog zombie (5 damage)
             ... on level 5 of the Dungeon.
             The game lasted 00:05:03 (2775 turns).

M4edhros the Sneak (Octopode Artificer)             Turns: 2775, Time: 00:05:04

Health: 0/38       AC:  1    Str:  9 (11) XL:     6   Next: 62%
Magic:  18/18      EV: 13    Int: 11      God:    Jiyva [***...]
Gold:   97         SH:  0    Dex: 17      Spells: 0 memorised, 5 levels left

rFire  . . .     SeeInvis .     h - +0 whip (venom)
rCold  . . .     Clarity  .     (no shield)
rNeg   + . .     SustAt   .     (helmet restricted)
rPois  .         Gourm    .     (no amulet)
rElec  .         Spirit   .     j - ring of protection from magic
rCorr  +         Warding  .     n - ring of positive energy
rMut   .         Stasis   .     l - ring of magical power
MR     +....                    o - ring of loudness (curse)
Stlth  ++++......               (no ring)
                                (no ring)
                                (no ring)
                                (no ring)

@: somewhat resistant to hostile enchantments, stealthy
A: almost no armour, amphibious, 8 rings, constrict 8, camouflage 1, acidic
bite, gelatinous body 1
a: Request Jelly, Jelly Paralyse, Renounce Religion


You were on level 5 of the Dungeon.
You worshipped Jiyva.
Jiyva was most pleased with you.
You were not hungry.

You visited 1 branch of the dungeon, and saw 5 of its levels.

You collected 97 gold pieces.

Inventory:

Hand Weapons
 a - a +0 short sword
 h - a +0 whip of venom (weapon)
Missiles
 g - 43 stones (quivered)
 p - 31 sling bullets
 q - 40 arrows
Jewellery
 j - a ring of protection from magic (left tentacle)
 l - a ring of magical power (on tentacle)
 n - a ring of positive energy (right tentacle)
 o - a cursed ring of loudness (on tentacle)
Wands
 b - a wand of flame (15)
 c - a wand of enslavement (15)
 d - a wand of random effects (15)
Scrolls
 f - 2 scrolls of identify
 m - 2 scrolls of fog
Potions
 i - a potion of magic
 r - a potion of agility
 s - a potion of brilliance
Comestibles
 e - 3 bread rations
 k - a meat ration


   Skills:
 - Level 1.0 Fighting
 - Level 1.0 Short Blades
 - Level 2.0 Dodging
 * Level 7.7 Stealth
 + Level 5.2 Evocations


You had 5 spell levels left.
You didn't know any spells.

Dungeon Overview and Level Annotations

Branches:
Dungeon (5/15)
 Temple: D:4-7

Altars:
Makhleb
Qazlal
Sif Muna
Vehumet
Jiyva

Annotations:
D:3 M4edhros's ghost, amateur OpCK
D:5 Pikel


Innate Abilities, Weirdness & Mutations

You cannot wear most types of armour.
You are amphibious.
You can wear up to eight rings at the same time.
You can use your tentacles to constrict eight enemies at once.
Your skin changes colour to match your surroundings (Stealth).
Your rubbery body absorbs attacks (AC +1).
You have acidic saliva.


Message History

You hit the giant frog zombie. You squeeze the giant frog zombie!
You constrict the giant frog zombie.
The giant frog zombie closely misses you.
The giant cockroach barely misses you. The giant frog zombie hits you.
* * * LOW HITPOINT WARNING * * *
You completely miss the giant frog zombie.
You squeeze the giant frog zombie. You constrict the giant frog zombie.
The giant cockroach barely misses you.
The giant frog zombie barely misses you.
The giant cockroach barely misses you.
A jackal comes into view.
The jackal barks!
You hit the giant frog zombie.
You squeeze the giant frog zombie, but do no damage.
You constrict the giant frog zombie.
The giant frog zombie barely misses you.
The giant cockroach bites you.
* * * LOW HITPOINT WARNING * * *
The giant frog zombie hits you.
You die...

#.........#.#
#....Z.####.#
. .
###.#h....#.#
.##c
#.#.###.#.#
..#.
#.......#.#
#. #.#.
###.#####.#
#.##.#. #.#
#.# #.#..#.
#.# #.#
#.##.#. #@#
#.# #(.....
#..s.Z...#.#
#.....<
#..$?.##.#.#
#......
#.....#
#.####...###
#.....#
#......[....
#.....#
######...###
#.....#
#<.....#
#######
###....#
..####


You could see a giant frog zombie, a jackal, a giant cockroach and a hound
skeleton (wandering).

Vanquished Creatures
  Grinder (D:5)
  A slave (D:5)
  Blork the orc (D:4)
  Natasha (twice) (D:2)
  An adder (D:2)
  A gnoll (D:1)
  3 worms
  2 giant geckos
  3 orcs (D:3)
  5 bats
  2 goblins
  5 hobgoblins
  4 jackals (D:4)
  9 kobolds
  A ball python (D:5)
  4 giant cockroaches
  3 giant newts
  A rat (D:1)
49 creatures vanquished.

Vanquished Creatures (others)
  A slave (D:5)
  The ghost of M4edhros the Charlatan, an amateur OpAr (D:4)
  A crimson imp (D:4)
  A jelly (D:4)
  An iguana (D:4)
  A worker ant (D:4)
  A killer bee zombie (D:5)
  A hound skeleton (D:4)
  A worm (D:4)
  An orc (D:4)
  Natasha (D:2)
  A ball python (D:4)
  A giant cockroach (D:2)
  2 jackals (D:4)
  A giant gecko skeleton (D:4)
  A kobold (D:2)
17 creatures vanquished.

Grand Total: 66 creatures vanquished

Notes
Turn   | Place    | Note
--------------------------------------------------------------
     0 | D:1      | M4edhros the Octopode Artificer began the quest for the Orb.
     0 | D:1      | Reached XP level 1. HP: 13/13 MP: 3/3
   158 | D:1      | Reached XP level 2. HP: 8/18 MP: 4/4
   707 | D:2      | Found a faded altar to an unknown god.
   713 | D:2      | Reached XP level 3. HP: 21/23 MP: 5/5
   717 | D:2      | Became a worshipper of Jiyva Juogotoa the Shapeless
   717 | D:2      | Reached * piety under Jiyva
   797 | D:2      | Noticed Natasha
   799 | D:2      | Killed Natasha
   799 | D:2      | Reached skill level 4 in Stealth
   800 | D:2      | Reached XP level 4. HP: 12/28 MP: 5/7
   848 | D:2      | Reached ** piety under Jiyva
   921 | D:2      | Found a radiant altar of Vehumet.
   952 | D:2      | Noticed Natasha
   957 | D:2      | Killed Natasha
   996 | D:2      | Killed Natasha
  1057 | D:2      | Found a stormy altar of Qazlal.
  1149 | D:3      | Reached skill level 5 in Stealth
  1318 | D:3      | Noticed M4edhros's ghost (amateur OpCK)
  1804 | D:4      | Noticed M4edhros's ghost (amateur OpAr)
  1811 | D:5      | Entered Level 5 of the Dungeon
  1815 | D:5      | Noticed a slave
  1848 | D:4      | Killed M4edhros's ghost
  1941 | D:4      | Reached *** piety under Jiyva
  2080 | D:4      | Found a burning altar of Makhleb.
  2127 | D:4      | Noticed Blork the orc
  2136 | D:4      | Killed Blork the orc
  2136 | D:4      | Reached skill level 6 in Stealth
  2136 | D:4      | Reached XP level 5. HP: 33/33 MP: 8/8
  2138 | D:4      | Found a deep blue altar of Sif Muna.
  2639 | D:5      | Noticed Pikel
  2639 | D:5      | Noticed a slave
  2639 | D:5      | Noticed a slave
  2639 | D:5      | Noticed a centaur
  2652 | D:5      | Killed a slave
  2666 | D:5      | Noticed Grinder
  2684 | D:5      | Killed Grinder
  2684 | D:5      | Reached skill level 7 in Stealth
  2684 | D:5      | Reached skill level 5 in Evocations
  2684 | D:5      | Reached XP level 6. HP: 8/38 MP: 9/9
  2744 | D:5      | Gained mutation: You have acidic saliva. [Jiyva's grace]
  2762 | D:5      | Killed a slave
  2775 | D:5      | Slain by a giant frog zombie

Action                   |  1- 3 |  4- 6 || total
-------------------------+-------+-------++-------
Melee: Whip              |    32 |    78 ||   110
       Short sword       |     8 |       ||     8
       Unarmed           |       |     1 ||     1
  Use: Potion            |     1 |     2 ||     3
       Scroll            |       |     3 ||     3
 Stab: Sleeping          |     4 |    11 ||    15
  Eat: Chunk             |       |     2 ||     2
